 Dungeon Crawl Stone Soup version 0.31.0-9-g3a7656b989 (webtiles) character file.

Game seed: 15624481095390593335

74 qw the Shooter (level 4, -3/25 HPs)
             Began as a Deep Elf Hunter on Feb 2, 2024.
             Slain by Grinder (4 damage)
             ... while paralysed by Grinder
             ... on level 3 of the Dungeon.
             The game lasted 00:00:07 (2312 turns).

qw the Shooter (Deep Elf Hunter)                    Turns: 2312, Time: 00:00:07

Health: -3/25      AC:  3    Str: 10    XL:     4   Next: 9%
Magic:  6/6        EV:  2    Int: 14    God:
Gold:   109        SH:  0    Dex: 18    Spells: 3/3 levels left

rFire   . . .        a - +1 shortbow
rCold   . . .        (shield currently unavailable)
rNeg    . . .        c - +0 leather armour
rPois   .            (no helmet)
rElec   .            (no cloak)
rCorr   .            (no gloves)
SInv    .            (no boots)
Will    .....        (no amulet)
Stlth   ++           i - +5 ring of evasion
HPRegen 0.24/turn    (no ring)
MPRegen 0.10/turn

%: no passive effects
@: paralysed
A: no striking features
a: no special abilities


You were on level 3 of the Dungeon.
You visited 1 branch of the dungeon, and saw 3 of its levels.

You collected 109 gold pieces.


   Skills:
 - Level 1.5 Fighting
 + Level 7.5 Ranged Weapons
 - Level 2.4 Dodging
 - Level 1.2 Stealth


You had 3 spell levels left.
You didn't know any spells.
Your spell library was empty.

Inventory:

Hand Weapons
 a - a +1 shortbow (weapon)
Armour
 c - a +0 leather armour (worn)
Jewellery
 i - a +5 ring of evasion (left hand)
Scrolls
 d - 3 scrolls of identify {unknown}
 g - a scroll of revelation {unknown}
 l - 2 scrolls of enchant armour {unknown}
Potions
 b - a potion of brilliance {unknown}
 e - 3 potions of heal wounds
 f - a potion of might
 h - a potion of curing {unknown}
 j - a potion of ambrosia {unknown}
 k - a potion of degeneration {unknown}
 m - a potion of berserk rage {unknown}

Dungeon Overview and Level Annotations

Branches:
Dungeon (3/15)

Altars:
Dithmenos
Fedhas

Annotations:
D:3 Grinder


Message History

You now have 109 gold pieces (gained 5).
Found a stone staircase leading up.
Enter note:
Enter note:
Enter note:
Enter note:
m - a yellow potion
l - 2 scrolls labelled VAIPLEBAEL (gained 1)
Found 7 stones.
d - 3 scrolls labelled CIWOYSIHAR (gained 1) Grinder comes into view.
You shoot an arrow. The arrow hits Grinder!
Grinder shouts!
Grinder is moderately wounded.
Grinder gestures at you. You resist with significant effort.
You shoot an arrow.
The arrow hits Grinder but does no damage.
Grinder is moderately wounded.
You shoot an arrow. The arrow hits Grinder.
Grinder is moderately wounded.
You shoot an arrow. The arrow barely misses Grinder.
You shoot an arrow.
The arrow hits Grinder but does no damage.
Grinder is moderately wounded.
Grinder says, "You look like you could use a good racking."
You shoot an arrow.
The arrow hits Grinder but does no damage.
Grinder is moderately wounded.
You shoot an arrow. The arrow hits Grinder.
Grinder is moderately wounded.
Grinder gestures at you.
You suddenly lose the ability to move!
Grinder gestures at you. Pain shoots through your body!
Grinder says, "DUCK!"
Grinder hits you.
You writhe in agony.
Grinder hits you!
You writhe in agony.
You die...
Grinder says, "Hey, I wasn't done torturing you yet!"

#.%.#.~.~~~~~
#.#...~.~_..~.~.#
##.#...~.~~~.~.~.#
...###.~.....~...#
...###.~~~~~~~~~(#
.........~.....~.#
#####..~.~.~~~.~.#
#..~.~.._~.~5#
#..~.~~~~~.~@##
#..~.......~..#
#..~~~~~~~~~..#
#.............#
##..##.######.#
####..#..# #.#
#.......## #.#
#.......# #.#
#.......#######.#


You could see Grinder.

Vanquished Creatures
  2 adders
  A dart slug (D:2)
  3 bats
  5 endoplasms
  3 giant cockroaches
  2 hobgoblins (D:1)
  2 jackals (D:1)
  5 kobolds
  2 quokkas
  8 ball pythons
  A frilled lizard (D:3)
  8 goblins
  6 rats
48 creatures vanquished.

Notes
Turn   | Place    | Note
-------+----------+-------------------------------------------
     0 | D:1      | qw the Deep Elf Hunter began the quest for the Orb.
     0 | D:1      | Reached XP level 1. HP: 12/12 MP: 3/3
     0 | D:1      | 0 ||| qw: Version: 0.3-a-155-g5e7d8dd
     0 | D:1      | 0 ||| qw: Game counter: 1403
     0 | D:1      | 0 ||| qw: Melee chars always use a shield: true
     0 | D:1      | 0 ||| qw: God list: Okawaru
     0 | D:1      | 0 ||| qw: Allow faded altars: false
     0 | D:1      | 0 ||| qw: Do Orc after clearing Dungeon:15 true
     0 | D:1      | 0 ||| qw: Do second Lair branch before Depths: true
     0 | D:1      | 0 ||| qw: Lair rune preference: random
     0 | D:1      | 0 ||| qw: Goals: Normal
     0 | D:1      | 0 ||| PLANNING D:1-11
    40 | D:1      | Found a faded altar of an unknown god.
   148 | D:1      | Reached skill level 6 in Ranged Weapons
   148 | D:1      | Reached XP level 2. HP: 11/16 MP: 4/4
   845 | D:1      | 845 ||| READING scroll labelled LOOFUA HIRIGHI.
   850 | D:1      | 850 ||| READING scroll labelled SEVIPA VUCEANU.
   851 | D:1      | 851 ||| READING scroll labelled ZIRAL BIUNIC.
   851 | D:1      | 851 ||| ENCHANTING +0 shortbow.
   852 | D:1      | 852 ||| READING scroll labelled QASME VYOHAT.
   953 | D:1      | 953 ||| DRINKING 2 coppery potions.
   954 | D:1      | 954 ||| DROPPING scroll of butterflies.
   971 | D:2      | 971 ||| STAIRDANCE
   975 | D:2      | 975 ||| STAIRDANCE
  1263 | D:2      | Reached XP level 3. HP: 13/20 MP: 5/5
  1657 | D:2      | Reached skill level 7 in Ranged Weapons
  1663 | D:2      | 1663 ||| UPGRADING to +5 ring of evasion.
  1664 | D:2      | 1664 ||| READING 3 scrolls labelled PUTOCAIHIE.
  1665 | D:2      | 1665 ||| READING scroll labelled DER QIRPHUGEQY.
  1766 | D:2      | 1766 ||| DRINKING 2 purple potions.
  1767 | D:2      | 1767 ||| DROPPING 2 scrolls of noise.
  2080 | D:3      | Found a blossoming altar of Fedhas.
  2081 | D:3      | Found a shadowy altar of Dithmenos.
  2199 | D:3      | Reached XP level 4. HP: 25/25 MP: 6/6
  2301 | D:3      | Noticed Grinder
  2308 | D:3      | Paralysed by Grinder for 5 turns
  2312 | D:3      | HP: 1/25 [Grinder (8)]
  2312 | D:3      | Slain by Grinder

Levels and vault maps discovered:
D:1:      dpeg_arrival_tiny_k, layout_loops_ring, shapermc_ecumenical_altar_gd
D:2:      layout_basic
D:3:      wad_lake_hut, layout_rooms, mainiacjoe_overflow_catwalk_spiral,
          uniq_grinder

Skill      XL: |  1  2  3 |
---------------+----------+-----
Ranged Weapons | 6 7 |  7.5
Fighting       | |  1.5
Dodging        | |  2.4
Stealth        | |  1.2

Action                     |  1- 3 |  4- 6 || total
---------------------------+-------+-------++-------
   Fire: Shortbow          |   115 |     7 ||   122
    Use: Scroll            |     6 |       ||     6
         Potion            |     2 |       ||     2
 Armour: Leather armour    |    20 |     2 ||    22
  Dodge: Dodged            |    23 |       ||    23

Table legend:
 A = Non-vault XP
 B = Vault XP
 C = Vault XP percentage of total XP
 D = Non-vault monster count
 E = Vault monster count
 F = Vault count percentage of total count
                 A         B        C        D         E       F
            +---------+---------+-------+---------+---------+-------
      Total |     106 |       0 |   0.0 |      48 |       0 |   0.0
            +---------+---------+-------+---------+---------+-------
        D:1 |      31 |       0 |   0.0 |      18 |       0 |   0.0
        D:2 |      43 |       0 |   0.0 |      18 |       0 |   0.0
        D:3 |      32 |       0 |   0.0 |      12 |       0 |   0.0
            +---------+---------+-------+---------+---------+-------
